 Dungeon Crawl Stone Soup version 0.31-a0-198-g2ad674f65e (webtiles) character file.

Game seed: 8721822857135242673

8 qw the Shooter (level 2, 0/16 HPs)
             Began as a Deep Elf Hunter on June 25, 2023.
             Frozen to death by an endoplasm (2 damage)
             ... on level 1 of the Dungeon.
             The game lasted 00:00:04 (141 turns).

qw the Shooter (Deep Elf Hunter)                     Turns: 141, Time: 00:00:05

Health: 0/16       AC:  3    Str:  8    XL:     2   Next: 0%
Magic:  4/4        EV: 12    Int: 13    God:
Gold:   27         SH:  0    Dex: 18    Spells: 1/1 levels left

rFire   . . .        a - +0 shortbow
rCold   . . .        (shield currently unavailable)
rNeg    . . .        c - +0 leather armour
rPois   .            (no helmet)
rElec   .            (no cloak)
rCorr   .            (no gloves)
SInv    .            (no boots)
Will    .....        (no amulet)
Stlth   ++           (no ring)
HPRegen 0.22/turn    (no ring)
MPRegen 0.09/turn

%: no passive effects
@: no status effects
A: no striking features
a: no special abilities


You were on level 1 of the Dungeon.
You visited 1 branch of the dungeon, and saw 1 of its levels.

You collected 27 gold pieces.


   Skills:
 - Level 1.5 Fighting
 + Level 5.9 Ranged Weapons
 - Level 2.4 Dodging
 - Level 1.2 Stealth


You had one spell level left.
You didn't know any spells.
Your spell library was empty.

Inventory:

Hand Weapons
 a - a +0 shortbow (weapon)
Armour
 c - a +0 leather armour (worn)
Scrolls
 b - a scroll of butterflies
 d - a scroll of poison {unknown}
 e - a scroll of blinking {unknown}
Potions
 f - a potion of invisibility {unknown}

Dungeon Overview and Level Annotations

Branches:
Dungeon (1/15)

Altars:


Message History

f - a sedimented cyan potion
Enter note: You open the door.
There is an open door here.
A hobgoblin comes into view.
The hobgoblin shouts!
Enter note:
Enter note: You shoot an arrow.
The arrow barely misses the hobgoblin.
You shoot an arrow. The arrow barely misses the hobgoblin.
A quokka comes into view.
An endoplasm comes into view.
The quokka moves out of view.
The endoplasm moves out of view.
You shoot an arrow. The arrow closely misses the hobgoblin.
The hobgoblin hits you.
You shoot an arrow. The arrow closely misses the hobgoblin.
The hobgoblin barely misses you.
You shoot an arrow. The arrow hits the hobgoblin!
You kill the hobgoblin!
You shoot an arrow. The arrow closely misses the quokka.
The quokka closely misses you.
The endoplasm hits you but does no damage.
You shoot an arrow. The arrow completely misses the quokka.
The quokka bites you.
The endoplasm hits you but does no damage.
The quokka barely misses you.
You shoot an arrow.
The arrow hits the quokka but does no damage.
The endoplasm completely misses you. The quokka bites you.
The endoplasm freezes you.
You are frozen.
You shoot an arrow. The arrow hits the quokka.
You kill the quokka!
The endoplasm freezes you.
You are frozen.
You have reached level 2!
You shoot an arrow. The arrow hits the endoplasm.
The endoplasm is almost dead.
The endoplasm freezes you.
You are frozen.
You die...

#...........+
#.........### .
#.........# ..
#.......).# ..
######+#.# ..#.##
#.#.# ....# #.#.###
#..###.#...##
#J@.#.###..#####
......%#............#
.......##....#......#
###.... ####.'......#
#.... ###..>...#
#.... #).....# #....
#......# #....
#......# ########


You could see an endoplasm.

Vanquished Creatures
  3 hobgoblins (D:1)
  A quokka (D:1)
  A ball python (D:1)
  A frilled lizard (D:1)
  A goblin (D:1)
  A rat (D:1)
8 creatures vanquished.

Notes
Turn   | Place    | Note
-------+----------+-------------------------------------------
     0 | D:1      | qw the Deep Elf Hunter began the quest for the Orb.
     0 | D:1      | Reached XP level 1. HP: 12/12 MP: 3/3
     0 | D:1      | 0 ||| qw: Version: 0.3-a-22-g0ed2b0b
     0 | D:1      | 0 ||| qw: Game counter: 5470
     0 | D:1      | 0 ||| qw: Melee chars always use a shield: true
     0 | D:1      | 0 ||| qw: God list: Okawaru
     0 | D:1      | 0 ||| qw: Allow faded altars: false
     0 | D:1      | 0 ||| qw: Do Orc after clearing Dungeon:15 true
     0 | D:1      | 0 ||| qw: Do second Lair branch before Depths: true
     0 | D:1      | 0 ||| qw: Lair rune preference: random
     0 | D:1      | 0 ||| qw: Goals: Normal
     0 | D:1      | 0 ||| PLANNING D:1-11
     3 | D:1      | Noticed an electric eel
     4 | D:1      | Noticed an electric eel
   139 | D:1      | HP: 2/12 [frozen (5)]
   141 | D:1      | Reached XP level 2. HP: 2/16 MP: 4/4
   141 | D:1      | Frozen to death by an endoplasm

Levels and vault maps discovered:
D:1:      arrival_aquarium_b, layout_basic

Action                     || total
---------------------------++-------
   Fire: Shortbow          ||    19
 Armour: Leather armour    ||     2
  Dodge: Dodged            ||     4

Table legend:
 A = Non-vault XP
 B = Vault XP
 C = Vault XP percentage of total XP
 D = Non-vault monster count
 E = Vault monster count
 F = Vault count percentage of total count
                 A         B        C        D         E       F
            +---------+---------+-------+---------+---------+-------
      Total |      12 |       0 |   0.0 |       8 |       0 |   0.0
            +---------+---------+-------+---------+---------+-------
        D:1 |      12 |       0 |   0.0 |       8 |       0 |   0.0
            +---------+---------+-------+---------+---------+-------
